Map: Ulrena

Players

NoRegreT - Winner!

  • Race: Zerg Zerg
  • League: Diamond

Chris (MCanning)

  • Race: Protoss Protoss
  • League: Diamond

VOD

Have the link to the VOD?

Description

Time

  • Played on: Nov. 11, 2015, 2:23 a.m.
  • Length: 10:18
Show
View Real Time Build Order
Export as new Build Order

NoRegreT Zerg - Winner!

Build Orders: Pool First 

Get SALT Encoding   

  12  0:18  Spawning Pool  
  11  0:23  Drone  
  11  0:26  Extractor  
  11  0:29  Drone  
  11  0:34  Drone  
  13  0:40  Drone  
  14  0:48  Overlord  
  14  1:06  Zergling x2  
  14  1:08  Zergling x2  
  16  1:12  Queen  
  18  1:19  Zergling x2  
  19  1:29  Metabolic Boost  
  19  1:32  Zergling x2  
  20  1:40  Drone  
  21  2:01  Drone  
  21  2:03  Overlord  
  21  2:13  Drone  
  21  2:21  Overlord  
  21  2:22  Drone  
  22  2:24  Hatchery  
  22  2:29  Drone  
  22  2:35  Drone  
  23  2:37  Drone  
  24  2:47  Queen  
  24  2:51  Drone  
  27  2:55  Drone  
  29  2:58  Drone  
  29  3:02  Drone  
  30  3:11  Roach Warren  
  29  3:14  Drone  
  29  3:17  Drone  
  30  3:32  Zergling x6  
  33  3:35  Zergling x2  
  33  3:37  Zergling x2  
  35  3:46  Zergling x2  
  35  3:47  Drone  
  37  3:57  Drone  
  37  3:58  Drone  
  39  4:03  Drone  
  39  4:04  Drone x2  
  40  4:11  Drone x2  
  40  4:16  Extractor  
  41  4:20  Drone x2  
  43  4:27  Overlord x2  
  43  4:40  Overlord  
  43  4:47  Roach x5  
  43  4:51  Roach  
  55  4:56  Overlord  
  55  4:59  Roach x3  
  61  5:01  Roach  
  61  5:02  Roach x2  
  67  5:13  Roach  
  66  5:17  Ravager x3  
  66  5:18  Roach  
  66  5:20  Zergling x4  
  73  5:21  Zergling x2  
  74  5:30  Zergling x2  
  74  5:32  Overlord  
  75  5:37  Overlord  
  73  5:58  Zergling x10  
  73  6:00  Zergling x2  
  73  6:02  Zergling x6  
  74  6:09  Zergling x2  
  74  6:10  Zergling x4  
  75  6:14  Zergling x4  
  75  6:18  Lair  
  72  6:26  Drone x2  
  72  6:28  Extractor  
  72  6:30  Hatchery  
  72  6:36  Ravager x4  
  72  6:39  Drone x2  
  52  6:54  Drone x4  
  52  6:57  Drone x2  
  52  6:58  Drone x2  
  57  7:02  Drone  
  57  7:03  Drone  
  57  7:06  Extractor  
  57  7:16  Spire  
  57  7:19  Glial Reconstitution  
  57  7:20  Zergling x4  
  58  7:23  Zergling x2  
  58  7:26  Zergling x2  
  60  7:35  Zergling x4  
  60  7:36  Zergling x10  
  67  7:38  Zergling x2  
  67  7:42  Zergling x2  
  69  7:45  Ravager  
  69  7:46  Zergling x2  
  69  7:49  Zergling x2  
  71  7:51  Queen  
  71  7:54  Drone  
  71  7:56  Zergling x2  
  75  8:01  Drone  
  75  8:02  Drone x3  
  64  8:20  Drone x3  
  64  8:25  Extractor x2  
  65  8:27  Mutalisk x6  
  65  8:33  Zergling x10  
  82  8:34  Hatchery  
  82  8:36  Drone x2  
  82  8:38  Drone  
  82  8:40  Drone  
  85  8:46  Mutalisk  
  87  8:51  Mutalisk  
  87  8:53  Zergling x2  
  90  8:58  Overlord  
  90  9:00  Evolution Chamber, Mutalisk  
  90  9:01  Evolution Chamber  
  89  9:14  Hatchery  
  89  9:15  Zergling x4  
  81  9:32  Mutalisk x2  
  81  9:33  Mutalisk x4  
  81  9:35  Zergling x6  
  81  9:37  Zergling x4  
  81  9:38  Zergling x10  
  97  9:42  Zergling x2  
  97  9:43  Zergling x6  
  97  9:44  Zergling x2  
  96  9:49  Hydralisk Den  
  96  9:50  Drone  
  94  9:56  Drone x3  
  91  10:01  Drone x2  
Show
View Real Time Build Order
Export as new Build Order

Chris Protoss 

Build Orders:  

Get SALT Encoding   

  12  0:01  Probe (Chrono Boost)  
  13  0:11  Probe (Chrono Boost)  
  14  0:22  Probe (Chrono Boost), Pylon  
  15  0:40  Probe (Chrono Boost)  
  16  0:46  Gateway  
  16  0:51  Probe (Chrono Boost)  
  16  0:56  Assimilator  
  17  1:01  Probe (Chrono Boost)  
  18  1:12  Probe (Chrono Boost)  
  18  1:14  Pylon  
  19  1:22  Probe (Chrono Boost)  
  19  1:23  Assimilator  
  20  1:33  Probe (Chrono Boost)  
  20  1:36  Cybernetics Core, Zealot (Chrono Boost)  
  23  1:44  Probe  
  24  1:56  Probe  
  24  2:00  Zealot (Chrono Boost)  
  26  2:08  Probe (Chrono Boost)  
  26  2:20  Mothership Core (Chrono Boost)  
  28  2:24  Adept  
  28  2:29  Warp Gate (Chrono Boost)  
  30  2:34  Pylon  
  30  2:38  Probe (Chrono Boost)  
  31  2:50  Probe (Chrono Boost)  
  31  2:51  Stalker  
  33  3:00  Probe (Chrono Boost)  
  34  3:12  Pylon  
  33  3:27  Probe  
  33  3:31  Sentry (Chrono Boost)  
  36  3:39  Probe, Nexus  
  37  3:41  Pylon  
  37  3:51  Probe  
  38  3:57  Sentry (Chrono Boost)  
  38  4:01  Gateway  
  40  4:07  Probe  
  40  4:15  Gateway  
  40  4:19  Probe (Chrono Boost)  
  41  4:29  Robotics Facility  
  41  4:30  Sentry  
  43  4:33  Probe (Chrono Boost)  
  44  4:43  Probe (Chrono Boost)  
  45  4:52  Probe (Chrono Boost)  
  48  4:54  Probe (Chrono Boost)  
  49  5:02  Probe (Chrono Boost)  
  49  5:04  Probe (Chrono Boost)  
  49  5:12  Probe (Chrono Boost)  
  49  5:13  Adept  
  49  5:14  Adept x2  
  53  5:15  Probe (Chrono Boost)  
  53  5:18  Observer (Chrono Boost), Pylon  
  57  5:28  Probe  
  58  5:29  Robotics Bay  
  58  5:35  Probe  
  58  5:37  Stalker  
  58  5:40  Observer (Chrono Boost)  
  62  5:43  Probe  
  63  5:53  Stalker x2  
  57  6:07  Pylon  
  50  6:16  Disruptor (Chrono Boost)  
  50  6:17  Sentry  
  45  6:19  Stalker  
  46  6:32  Gateway  
  46  6:33  Gateway  
  46  6:37  Pylon  
  46  6:42  Sentry  
  44  6:55  Zealot  
  44  7:10  Disruptor (Chrono Boost)  
  44  7:11  Nexus  
  44  7:13  Pylon  
  44  7:14  Pylon  
  47  7:29  Pylon  
  47  7:31  Probe  
  48  7:42  Stalker  
  48  7:43  Probe  
  54  7:55  Probe  
  55  8:04  Stargate  
  55  8:05  Stargate  
  52  8:06  Pylon  
  52  8:08  Probe  
  48  8:14  Zealot  
  48  8:15  Zealot x2  
  52  8:27  Assimilator  
  52  8:28  Probe x2, Assimilator  
  54  8:41  Zealot  
  56  8:42  Zealot  
  58  8:51  Phoenix (Chrono Boost)  
  58  8:55  Phoenix (Chrono Boost)  
  62  9:13  Phoenix (Chrono Boost)  
  62  9:15  Stalker  
  68  9:17  Phoenix (Chrono Boost)  
  61  9:35  Phoenix (Chrono Boost)  
  55  9:39  Phoenix (Chrono Boost)  
  50  9:45  Stalker  
  50  9:46  Stalker  
  50  9:50  Probe  
  52  9:54  Probe  
  52  10:02  Probe  
Tags
 
Add a new tag
Caveats
  • Supply blocks, unpowered buildings, or Contaminate may cause inaccurate times.
  • Supply counts are checked every 10 seconds.